Map: King's Cove LE

Players

Merc

  • Race: Terran Terran
  • League: Diamond
  • Spawn Location: 11:00

VOD

Have the link to the VOD?

Description

Time

  • Played on: April 18, 2025, 8:26 a.m.
  • Length: 6:41
Show
View Real Time Build Order
Export as new Build Order

Merc Terran 

Build Orders:  

Get SALT Encoding   

  12  0:00  SCV  
  13  0:17  SCV  
  14  0:27  Supply Depot  
  14  0:34  SCV  
  15  0:57  SCV  
  16  1:03  Barracks  
  16  1:14  SCV  
  17  1:26  Barracks  
  17  1:31  SCV  
  18  1:48  SCV  
  19  2:10  Orbital Command  
  19  2:12  Supply Depot  
  19  2:17  Barracks  
  19  2:27  Marine, Refinery  
  20  2:35  Marine  
  21  2:46  SCV  
  22  2:58  Marine  
  23  3:03  SCV  
  24  3:24  Command Center  
  24  3:27  Barracks Tech Lab  
  24  3:33  Marine  
  24  3:35  Marine  
  26  3:43  SCV  
  26  3:45  Stimpack  
  27  4:00  Marine  
  27  4:01  SCV  
  27  4:05  Marine x2  
  31  4:12  Supply Depot  
  31  4:21  Barracks  
  31  4:31  Supply Depot  
  31  4:42  Marine x2  
  31  4:45  Marine  
  34  4:55  Barracks  
  34  5:07  Orbital Command  
  34  5:12  SCV  
  35  5:22  Marine x2  
  35  5:23  Marine  
  38  5:31  Marine  
  38  5:39  Barracks  
  39  5:43  SCV  
  39  5:47  Marine x2  
  36  5:50  SCV  
  42  5:54  Marine  
  42  5:56  Marine  
  45  6:00  SCV  
  45  6:04  Supply Depot  
  45  6:08  Marine  
  47  6:12  Marine  
  47  6:16  Marine  
Tags
 
Add a new tag
Caveats
  • Supply blocks, unpowered buildings, or Contaminate may cause inaccurate times.
  • Supply counts are checked every 10 seconds.